| TOP OF THE 1ST |
|
University of Nebraska Cornhuskers batting - Pitching for Oregon State University Beavers : RHP Lense Heus
|
|
Pitching: RHP Lense Heus
|
|
|
Batting: RHB Francisco Marin
|
0-0: Called Strike 0-1: Ball 1-1: Ball 2-1: Foul Ball, location: 2F 2-2: Ball 3-2: Foul Ball, location: 2F 3-2: Fly out, F7 (Flyball, 78S, EV 86.9 MPH)
|
|
Batting: RHB Hanley Hernandez
|
0-0: Called Strike 0-1: Ground out 5-3 (Groundball, 56, EV 98.8 MPH)
|
|
Batting: SHB Karl Starnes
|
0-0: Ball 1-0: Ground out 4-3 (Groundball, 4M, EV 89.4 MPH)
|
| Top of the 1st over - 0 runs, 0 hits, 0 errors, 0 left on base; University of Nebraska 0 - Oregon State University 0 |
| BOTTOM OF THE 1ST |
|
Oregon State University Beavers batting - Pitching for University of Nebraska Cornhuskers : RHP John Olson
|
|
Pitching: RHP John Olson
|
|
|
Batting: RHB Seth Fox
|
0-0: Called Strike 0-1: Called Strike 0-2: Ball 1-2: Foul Ball, location: 2F 1-2: Ball 2-2: SINGLE (Line Drive, 8LS, EV 108.1 MPH)
|
|
Batting: LHB Karel Hort
|
0-0: Ball 1-0: Ball 2-0: Ball 3-0: Called Strike 3-1: Swinging Strike 3-2: Strikes out looking
|
|
Batting: RHB Xavier Williams
|
0-0: Called Strike 0-1: Ball 1-1: Ball 2-1: Fielders Choice at 2nd, 4-6 (Groundball, 34, EV 87.5 MPH)
|
|
Batting: RHB Itocravo Arrochela
|
0-0: DOUBLE (Groundball, 5L, EV 100.6 MPH) Xavier Williams to third Runner from 3rd tries for Home, SAFE, no throw by LF
|
|
Batting: RHB Mario Avila
|
0-0: Called Strike 0-1: Ground out 5-3 (Groundball, 56S, EV 90.6 MPH)
|
| Bottom of the 1st over - 1 run, 2 hits, 0 errors, 1 left on base; University of Nebraska 0 - Oregon State University 1 |
| TOP OF THE 2ND |
|
University of Nebraska Cornhuskers batting - Pitching for Oregon State University Beavers : RHP Lense Heus
|
|
Batting: RHB Jose Zuniga
|
0-0: Ball 1-0: Ball 2-0: Called Strike 2-1: Foul Ball, location: 2F 2-2: Fly out, F9 (Flyball, 9LD, EV 89.4 MPH)
|
|
Batting: SHB Jim Lloyd
|
0-0: Called Strike 0-1: Called Strike 0-2: Foul Ball, location: 2F 0-2: Ground out 5-3 (Groundball, 56S, EV 81.9 MPH)
|
|
Batting: RHB Yuusei Narita
|
0-0: Ball 1-0: Foul Ball, location: 2F 1-1: Swinging Strike 1-2: Strikes out swinging
|
| Top of the 2nd over - 0 runs, 0 hits, 0 errors, 0 left on base; University of Nebraska 0 - Oregon State University 1 |
| BOTTOM OF THE 2ND |
|
Oregon State University Beavers batting - Pitching for University of Nebraska Cornhuskers : RHP John Olson
|
|
Batting: LHB Borislav Draganov
|
0-0: Ball 1-0: Ground out U3 (Groundball, 34, EV 84.4 MPH)
|
|
Batting: RHB Jesus Ruiz
|
0-0: Called Strike 0-1: Ball 1-1: Ball 2-1: Swinging Strike 2-2: Ball 3-2: Foul Ball, location: 2F 3-2: Fly out, F5 (Popup, 56S, EV 81.9 MPH)
|
|
Batting: LHB Edwin Bautista
|
0-0: Called Strike 0-1: Ground out 5-3 (Groundball, 56, EV 109.4 MPH)
|
| Bottom of the 2nd over - 0 runs, 0 hits, 0 errors, 0 left on base; University of Nebraska 0 - Oregon State University 1 |
| TOP OF THE 3RD |
|
University of Nebraska Cornhuskers batting - Pitching for Oregon State University Beavers : RHP Lense Heus
|
|
Batting: RHB Steve Terres
|
0-0: Called Strike 0-1: Swinging Strike 0-2: Ball 1-2: Ball 2-2: Strikes out swinging
|
|
Batting: LHB Jessie McDonough
|
0-0: Ball 1-0: Ball 2-0: Foul Ball, location: 2F 2-1: Foul Ball, location: 2F 2-2: Strikes out swinging
|
|
Batting: RHB Malcolm McCauley
|
0-0: Ball 1-0: Ball 2-0: Reached on error, E5 (Groundball, 56S, EV 81.9 MPH)
|
|
Batting: RHB Francisco Marin
|
0-0: Ball 1-0: Ball 2-0: Ball 3-0: Base on Balls Malcolm McCauley to second
|
|
Batting: RHB Hanley Hernandez
|
0-0: Called Strike 0-1: Ball 1-1: Called Strike 1-2: Foul Ball, location: 2F 1-2: Foul Ball, location: 2F 1-2: Ball 2-2: Foul Ball, location: 2F 2-2: Strikes out swinging
|
| Top of the 3rd over - 0 runs, 0 hits, 1 error, 2 left on base; University of Nebraska 0 - Oregon State University 1 |
| BOTTOM OF THE 3RD |
|
Oregon State University Beavers batting - Pitching for University of Nebraska Cornhuskers : RHP John Olson
|
|
Batting: RHB Noel Bodkin
|
0-0: Reached on error, E3 (Groundball, 34S, EV 93.8 MPH)
|
|
Batting: RHB Seth Fox
|
0-0: Ball 1-0: Called Strike 1-1: Foul Ball, location: 2F 1-2: SINGLE (Groundball, 4MD, EV 100.0 MPH) Noel Bodkin to second
|
|
Batting: LHB Karel Hort
|
0-0: Ball 1-0: Foul Ball, location: 2F 1-1: Ball 2-1: Foul Ball, location: 2F 2-2: Ball 3-2: Grounds into double play, 4-6-3 (Groundball, 4M, EV 83.1 MPH) Noel Bodkin to third
|
|
Batting: RHB Xavier Williams
|
0-0: Ground out 1-3 (Groundball, 13S, EV 71.3 MPH)
|
| Bottom of the 3rd over - 0 runs, 1 hit, 1 error, 1 left on base; University of Nebraska 0 - Oregon State University 1 |
| TOP OF THE 4TH |
|
University of Nebraska Cornhuskers batting - Pitching for Oregon State University Beavers : RHP Lense Heus
|
|
Batting: SHB Karl Starnes
|
0-0: Called Strike 0-1: Swinging Strike 0-2: Strikes out swinging
|
|
Batting: RHB Jose Zuniga
|
0-0: Ball 1-0: Called Strike 1-1: Called Strike 1-2: Strikes out swinging
|
|
Batting: SHB Jim Lloyd
|
0-0: Called Strike 0-1: Ball 1-1: Foul Ball, location: 2F 1-2: SINGLE (Groundball, 4MD, EV 100.6 MPH)
|
|
Batting: RHB Yuusei Narita
|
0-0: Ball 1-0: Called Strike 1-1: Called Strike Jim Lloyd is caught stealing 2nd base 2-4
|
| Top of the 4th over - 0 runs, 1 hit, 0 errors, 0 left on base; University of Nebraska 0 - Oregon State University 1 |
| BOTTOM OF THE 4TH |
|
Oregon State University Beavers batting - Pitching for University of Nebraska Cornhuskers : RHP John Olson
|
|
Batting: RHB Itocravo Arrochela
|
0-0: Swinging Strike 0-1: Ball 1-1: Called Strike 1-2: Fly out, F9 (Line Drive, 9, EV 93.1 MPH)
|
|
Batting: RHB Mario Avila
|
0-0: Ball 1-0: Ball 2-0: Foul Ball, location: 2F 2-1: Ball 3-1: Called Strike 3-2: Fly out, F7 (Flyball, 78M, EV 84.4 MPH)
|
|
Batting: LHB Borislav Draganov
|
0-0: Called Strike 0-1: Fly out, F8 (Flyball, 8LD, EV 103.8 MPH)
|
| Bottom of the 4th over - 0 runs, 0 hits, 0 errors, 0 left on base; University of Nebraska 0 - Oregon State University 1 |
| TOP OF THE 5TH |
|
University of Nebraska Cornhuskers batting - Pitching for Oregon State University Beavers : RHP Lense Heus
|
|
Batting: RHB Yuusei Narita
|
0-0: Ball 1-0: Ball 2-0: Called Strike 2-1: Fly out, F9 (Flyball, 9LM, EV 83.1 MPH)
|
|
Batting: RHB Steve Terres
|
0-0: Ground out 5-3 (Groundball, 56, EV 106.3 MPH)
|
|
Batting: LHB Jessie McDonough
|
0-0: Called Strike 0-1: Ball 1-1: Ball 2-1: Fly out, F8 (Line Drive, 8RM, EV 91.9 MPH)
|
| Top of the 5th over - 0 runs, 0 hits, 0 errors, 0 left on base; University of Nebraska 0 - Oregon State University 1 |
| BOTTOM OF THE 5TH |
|
Oregon State University Beavers batting - Pitching for University of Nebraska Cornhuskers : RHP John Olson
|
|
Batting: RHB Jesus Ruiz
|
0-0: Ball 1-0: Ball 2-0: Called Strike 2-1: Called Strike 2-2: Ground out 6-3 (Groundball, 6, EV 78.1 MPH)
|
|
Batting: LHB Edwin Bautista
|
0-0: Called Strike 0-1: Ball 1-1: SINGLE (Line Drive, 89M, EV 106.3 MPH)
|
|
Batting: RHB Noel Bodkin
|
0-0: Ball 1-0: Ball 2-0: Swinging Strike 2-1: Foul Ball, location: 2F 2-2: Foul Ball, location: 2F 2-2: Strikes out swinging
|
|
Batting: RHB Seth Fox
|
0-0: Ball 1-0: Ball 2-0: Foul Ball, location: 2F 2-1: Ball 3-1: Foul Ball, location: 2F 3-2: Foul Ball, location: 2F 3-2: Fly out, F8 (Flyball, 8LD, EV 100.0 MPH)
|
| Bottom of the 5th over - 0 runs, 1 hit, 0 errors, 1 left on base; University of Nebraska 0 - Oregon State University 1 |
| TOP OF THE 6TH |
|
University of Nebraska Cornhuskers batting - Pitching for Oregon State University Beavers : RHP Lense Heus
|
|
Batting: RHB Malcolm McCauley
|
0-0: Called Strike 0-1: SINGLE (Groundball, 6M, EV 103.8 MPH) (infield hit)
|
|
Batting: RHB Francisco Marin
|
0-0: Called Strike Balk! Malcolm McCauley to second 0-1: Ball 1-1: Foul Ball, location: 2F 1-2: Foul Ball, location: 2F 1-2: Ground out U3 (Groundball, 34, EV 77.5 MPH) Malcolm McCauley to third
|
|
Pitching: RHP John Brooks
|
|
|
Batting: RHB Hanley Hernandez
|
0-0: Bunted foul 0-1: Bunted foul 0-2: Reached on error, E6 (Groundball, 6, EV 85.0 MPH) Malcolm McCauley scores
|
|
Batting: SHB Karl Starnes
|
0-0: Intentional Walk
|
|
Batting: RHB Jose Zuniga
|
0-0: Called Strike 0-1: Ball 1-1: Ball 2-1: Foul Ball, location: 2F 2-2: SINGLE (Groundball, 34D, EV 101.9 MPH) Hanley Hernandez to third Karl Starnes to second Runner from 3rd tries for Home, throw by RF and OUT! 9-2
|
|
Batting: SHB Jim Lloyd
|
0-0: Ball 1-0: Ball 2-0: Fly out, F7 (Line Drive, 7, EV 103.1 MPH)
|
| Top of the 6th over - 1 run, 2 hits, 1 error, 2 left on base; University of Nebraska 1 - Oregon State University 1 |
| BOTTOM OF THE 6TH |
|
Oregon State University Beavers batting - Pitching for University of Nebraska Cornhuskers : RHP John Olson
|
|
Pitching: RHP Adam McBride
|
|
|
Batting: LHB Karel Hort
|
0-0: Fly out, F7 (Flyball, 7D, EV 95.6 MPH)
|
|
Batting: RHB Xavier Williams
|
0-0: Fly out, F9 (Line Drive, 9, EV 92.5 MPH)
|
|
Batting: RHB Itocravo Arrochela
|
0-0: Ball 1-0: Ball 2-0: Called Strike 2-1: Ball 3-1: Fly out, F4 (Flyball, 4D, EV 87.5 MPH)
|
| Bottom of the 6th over - 0 runs, 0 hits, 0 errors, 0 left on base; University of Nebraska 1 - Oregon State University 1 |
| TOP OF THE 7TH |
|
University of Nebraska Cornhuskers batting - Pitching for Oregon State University Beavers : RHP John Brooks
|
|
Batting: RHB Yuusei Narita
|
0-0: Ball 1-0: Ball 2-0: Foul Ball, location: 2F 2-1: Ground out 4-3 (Groundball, 4MD, EV 85.0 MPH)
|
|
Batting: RHB Steve Terres
|
0-0: SINGLE (Groundball, 4D, EV 107.5 MPH)
|
|
Batting: LHB Jessie McDonough
|
0-0: Ball 1-0: Swinging Strike 1-1: Grounds into double play, 4-6-3 (Groundball, 4, EV 83.8 MPH)
|
| Top of the 7th over - 0 runs, 1 hit, 0 errors, 0 left on base; University of Nebraska 1 - Oregon State University 1 |
| BOTTOM OF THE 7TH |
|
Oregon State University Beavers batting - Pitching for University of Nebraska Cornhuskers : RHP Adam McBride
|
|
Pinch Hitting: RHB Gustavo Diaz
|
0-0: Ball 1-0: Foul Ball, location: 2F 1-1: Ball 2-1: SINGLE (Groundball, 6S, EV 61.3 MPH) (infield hit)
|
|
Batting: LHB Borislav Draganov
|
0-0: Fielders Choice at 2nd, 6-4 (Groundball, 6, EV 95.0 MPH)
|
|
Batting: RHB Jesus Ruiz
|
0-0: Called Strike 0-1: Ball 1-1: Ball 2-1: Ball 3-1: Base on Balls Borislav Draganov to second
|
|
Batting: RHB Joel Gomez
|
0-0: Grounds into double play, 5-4-3 (Groundball, 56S, EV 80.0 MPH)
|
| Bottom of the 7th over - 0 runs, 1 hit, 0 errors, 1 left on base; University of Nebraska 1 - Oregon State University 1 |
| TOP OF THE 8TH |
|
University of Nebraska Cornhuskers batting - Pitching for Oregon State University Beavers : RHP John Brooks
|
|
Pitching: LHP William Capuano
|
|
|
Now at 3B: Gary Smith
|
|
|
Pinch Hitting: RHB Isdel Alvarez
|
0-0: Called Strike 0-1: SINGLE (Flyball, 8LS, EV 94.4 MPH)
|
|
Pinch Runner at 1st Duda Pinho:
|
|
|
Batting: RHB Francisco Marin
|
0-0: Ball 1-0: Called Strike 1-1: Foul Ball, location: 2F 1-2: Foul Ball, location: 2F 1-2: Foul Ball, location: 2F 1-2: Strikes out looking
|
|
Batting: RHB Hanley Hernandez
|
0-0: Ball 1-0: Called Strike 1-1: Swinging Strike 1-2: Strikes out swinging
|
|
Batting: SHB Karl Starnes
|
0-0: Called Strike 0-1: Hit by Pitch Duda Pinho to second
|
|
Batting: RHB Jose Zuniga
|
0-0: Swinging Strike 0-1: Swinging Strike 0-2: Foul Ball, location: 2F 0-2: Ball 1-2: Strikes out swinging
|
| Top of the 8th over - 0 runs, 1 hit, 0 errors, 2 left on base; University of Nebraska 1 - Oregon State University 1 |
| BOTTOM OF THE 8TH |
|
Oregon State University Beavers batting - Pitching for University of Nebraska Cornhuskers : RHP Adam McBride
|
|
Now in LF: Jim Lloyd
|
|
|
Now in CF: Duda Pinho
|
|
|
Batting: RHB Noel Bodkin
|
0-0: Foul Ball, location: 2F 0-1: Ball 1-1: Foul Ball, location: 2F 1-2: Ball 2-2: Ball 3-2: Strikes out swinging
|
|
Batting: RHB Seth Fox
|
0-0: Ball 1-0: Ball 2-0: Ball 3-0: Called Strike 3-1: Foul Ball, location: 2F 3-2: Strikes out swinging
|
|
Batting: LHB Karel Hort
|
0-0: Foul Ball, location: 2F 0-1: Foul Ball, location: 2F 0-2: Foul Ball, location: 2F 0-2: Strikes out swinging
|
| Bottom of the 8th over - 0 runs, 0 hits, 0 errors, 0 left on base; University of Nebraska 1 - Oregon State University 1 |
| TOP OF THE 9TH |
|
University of Nebraska Cornhuskers batting - Pitching for Oregon State University Beavers : LHP William Capuano
|
|
Pitching: RHP Mike Barnhill
|
|
|
Batting: SHB Jim Lloyd
|
0-0: Foul Ball, location: 2F 0-1: Ball 1-1: Ball 2-1: Ball 3-1: Swinging Strike 3-2: Base on Balls
|
|
Batting: RHB Yuusei Narita
|
0-0: Ball 1-0: Called Strike 1-1: Bunt missed! 1-2: Fly out, F6 (Popup, 6D, EV 39.4 MPH)
|
|
Batting: RHB Steve Terres
|
0-0: Bunted foul 0-1: Ball 1-1: Bunted foul 1-2: Foul Ball, location: 2F 1-2: Strikes out swinging
|
|
Batting: LHB Jessie McDonough
|
0-0: Called Strike 0-1: Foul Ball, location: 2F 0-2: Fly out, F7 (Flyball, 7D, EV 108.1 MPH)
|
| Top of the 9th over - 0 runs, 0 hits, 0 errors, 1 left on base; University of Nebraska 1 - Oregon State University 1 |
| BOTTOM OF THE 9TH |
|
Oregon State University Beavers batting - Pitching for University of Nebraska Cornhuskers : RHP Adam McBride
|
|
Pitching: RHP Steve Schneider
|
|
|
Pinch Hitting: LHB Carlos Martinez
|
0-0: Ball 1-0: Ball 2-0: Foul Ball, location: 2F 2-1: Fly out, F8 (Flyball, 8RS, EV 95.0 MPH)
|
|
Batting: RHB Itocravo Arrochela
|
0-0: Ball 1-0: Called Strike 1-1: Swinging Strike 1-2: Foul Ball, location: 2F 1-2: Strikes out swinging
|
|
Batting: RHB Gary Smith
|
0-0: Called Strike 0-1: Ball 1-1: Foul Ball, location: 2F 1-2: Ball 2-2: Ground out 5-3 (Groundball, 56S, EV 87.5 MPH)
|
| Bottom of the 9th over - 0 runs, 0 hits, 0 errors, 0 left on base; University of Nebraska 1 - Oregon State University 1 |
| TOP OF THE 10TH |
|
University of Nebraska Cornhuskers batting - Pitching for Oregon State University Beavers : RHP Mike Barnhill
|
|
Now at 1B: Carlomaria Murrone
|
|
|
Pinch Hitting: LHB Jerry Santana
|
0-0: Ground out 6-3 (Groundball, 6, EV 83.8 MPH)
|
|
Batting: RHB Francisco Marin
|
0-0: Foul Ball, location: 2F 0-1: Called Strike 0-2: Strikes out swinging
|
|
Batting: RHB Hanley Hernandez
|
0-0: Ball 1-0: Swinging Strike 1-1: Swinging Strike 1-2: Foul Ball, location: 2F 1-2: Strikes out swinging
|
| Top of the 10th over - 0 runs, 0 hits, 0 errors, 0 left on base; University of Nebraska 1 - Oregon State University 1 |
| BOTTOM OF THE 10TH |
|
Oregon State University Beavers batting - Pitching for University of Nebraska Cornhuskers : RHP Steve Schneider
|
|
Pitching: RHP Tony Cortez
|
|
|
Now in CF: Jerry Santana
|
|
|
Batting: LHB Borislav Draganov
|
0-0: Called Strike 0-1: Fly out, F8 (Flyball, 8RM, EV 94.4 MPH)
|
|
Batting: RHB Jesus Ruiz
|
0-0: Ball 1-0: Called Strike 1-1: Called Strike 1-2: Strikes out swinging
|
|
Batting: RHB Joel Gomez
|
0-0: Foul Ball, location: 2F 0-1: Foul Ball, location: 2F 0-2: Strikes out swinging
|
| Bottom of the 10th over - 0 runs, 0 hits, 0 errors, 0 left on base; University of Nebraska 1 - Oregon State University 1 |
| TOP OF THE 11TH |
|
University of Nebraska Cornhuskers batting - Pitching for Oregon State University Beavers : RHP Mike Barnhill
|
|
Pitching: RHP Jordan Lopez
|
|
|
Batting: SHB Karl Starnes
|
0-0: Ball 1-0: Ball 2-0: Foul Ball, location: 2F 2-1: Fly out, F8 (Flyball, 8LXD, EV 89.4 MPH)
|
|
Batting: RHB Jose Zuniga
|
0-0: Ball 1-0: Called Strike 1-1: Hit by Pitch
|
|
Batting: SHB Jim Lloyd
|
0-0: Ball 1-0: Ball 2-0: Called Strike 2-1: Fielders Choice at 2nd, 5-4 (Groundball, 15, EV 81.9 MPH)
|
|
Batting: RHB Yuusei Narita
|
0-0: Ball 1-0: SINGLE (Line Drive, 56, EV 96.3 MPH) Jim Lloyd to second
|
|
Batting: RHB Steve Terres
|
0-0: DOUBLE (Line Drive, 89D, EV 107.5 MPH) Jim Lloyd scores Yuusei Narita to third Runner from 3rd tries for Home, SAFE, no throw by RF
|
|
Batting: LHB Jessie McDonough
|
0-0: Ball 1-0: Ball Passed Ball! Steve Terres to third 2-0: Foul Ball, location: 2F 2-1: DOUBLE (Line Drive, 78D, EV 110.6 MPH) Steve Terres scores
|
|
Pitching: RHP Nate Davis
|
|
|
Batting: LHB Jerry Santana
|
0-0: Called Strike 0-1: Fly out, F9 (Flyball, 89M, EV 94.4 MPH)
|
| Top of the 11th over - 3 runs, 3 hits, 0 errors, 1 left on base; University of Nebraska 4 - Oregon State University 1 |
| BOTTOM OF THE 11TH |
|
Oregon State University Beavers batting - Pitching for University of Nebraska Cornhuskers : RHP Tony Cortez
|
|
Pinch Hitting: RHB Austin Sweetman
|
0-0: Called Strike 0-1: Ball 1-1: Foul Ball, location: 2F 1-2: Ball 2-2: Ball 3-2: Ground out 1-3 (Groundball, 34S, EV 72.5 MPH)
|
|
Pinch Hitting: LHB Carlos Magana
|
0-0: Called Strike 0-1: Swinging Strike 0-2: SINGLE (Groundball, 23, EV 65.6 MPH) (infield hit)
|
|
Pitching: RHP Davon Ware
|
|
|
Batting: LHB Karel Hort
|
0-0: Ball 1-0: Ball 2-0: Called Strike 2-1: Called Strike 2-2: Ball 3-2: DOUBLE (Line Drive, 78D, EV 106.9 MPH) Carlos Magana to third
|
|
Batting: RHB Carlomaria Murrone
|
0-0: Ball 1-0: Called Strike 1-1: Ball 2-1: Foul Ball, location: 2F 2-2: Ground out 6-3 (Groundball, 6S, EV 93.1 MPH) Carlos Magana scores
|
|
Pinch Hitting: RHB Ward Armstrong
|
0-0: Foul Ball, location: 2F 0-1: Ball 1-1: Ball 2-1: Foul Ball, location: 2F 2-2: DOUBLE (Groundball, 5L, EV 106.3 MPH) Karel Hort scores
|
|
Pinch Hitting: LHB Justin Short
|
0-0: Ball 1-0: Ball 2-0: SINGLE (Groundball, 4M, EV 103.8 MPH) (infield hit) Ward Armstrong to third
|
|
Batting: LHB Borislav Draganov
|
0-0: Swinging Strike 0-1: Ball 1-1: Foul Ball, location: 2F 1-2: Ball 2-2: Strikes out swinging
|
| Bottom of the 11th over - 2 runs, 4 hits, 0 errors, 2 left on base; University of Nebraska 4 - Oregon State University 3 |
|